 Dungeon Crawl Stone Soup version 0.18-a0-987-g0b0e4e7 (webtiles) character file.

856 Duffy the Geomancer (level 8, -1/52 HPs)
             Began as a Formicid Earth Elementalist on Jan 3, 2016.
             Was an Initiate of Vehumet.
             Slain by an ice beast (10 damage)
             ... on level 5 of the Dungeon.
             The game lasted 00:10:19 (7314 turns).

Duffy the Geomancer (Formicid Earth Elementalist)   Turns: 7314, Time: 00:10:19

Health: -1/52      AC:  2    Str: 14    XL:     8   Next: 22%
Magic:  11/15      EV: 12    Int: 16    God:    Vehumet [......]
Gold:   176        SH:  0    Dex: 11    Spells: 3 memorised, 10 levels left

rFire  . . .     SeeInvis +     b - 66 stones
rCold  . . .     Gourm    .     x - +0 robe
rNeg   . . .     Faith    .     (no shield)
rPois  .         Spirit   .     (helmet unavailable)
rElec  .         Dismiss  .     (no cloak)
rCorr  .         Reflect  .     (no gloves)
SustAt .         Harm     .     (no boots)
MR     .....                    (no amulet)
Stlth  ++........               (no ring)
                                (no ring)

@: not resistant to hostile enchantments, unstealthy
A: permanent stasis, dig shafts and tunnels, four strong arms, antennae 3
a: Dig, Shaft Self, Renounce Religion


You were on level 5 of the Dungeon.
You worshipped Vehumet.
Vehumet was noncommittal.
You were not hungry.

You visited 2 branches of the dungeon, and saw 6 of its levels.

You collected 176 gold pieces.


Innate Abilities, Weirdness & Mutations

You are under a permanent stasis effect.
You can dig through walls and to a lower floor.
Your four strong arms can wield two-handed weapons with a shield.
You have a pair of large antennae on your head (SInv).


   Skills:
 - Level 1.7 Dodging
 - Level 2.4 Stealth
 + Level 5.1 Spellcasting
 + Level 3.7 Conjurations
 - Level 1.2 Transmutations
 - Level 8.0 Earth Magic


You had 10 spell levels left.
You knew the following spells:

 Your Spells              Type           Power        Failure   Level  Hunger
a - Sandblast             Erth           ####..       1%          1    None
c - Stone Arrow           Conj/Erth      ###...       4%          3    ###....
P - Passwall              Trmt/Erth      ###.......   10%         3    ###....

Inventory:

Hand Weapons
 a - a +1 dagger of venom
 p - a +0 quarterstaff
Missiles
 b - 66 stones (in hand)
 f - 20 poisoned needles
 i - a throwing net
Armour
 k - a quicksilver dragon hide
 x - a +0 robe (worn)
Wands
 r - a wand of magic darts (38/48)
 t - a wand of flame (0/48)
Scrolls
 e - a scroll of enchant weapon {unknown}
 j - a scroll of blinking {unknown}
 m - 5 scrolls of remove curse
 v - a scroll of immolation {unknown}
Potions
 g - a potion of resistance {unknown}
 h - a potion of ambrosia {unknown}
 o - a potion of degeneration {unknown}
 s - 2 potions of cancellation {unknown}
 u - a potion of curing {unknown}
 z - a potion of heal wounds {unknown}
 A - a potion of flight {unknown}
 B - a potion of magic {unknown}
Books
 c - a book of Geomancy
Comestibles
 d - 3 bread rations
 l - 2 beef jerkies
 n - a meat ration
 q - 5 chunks of flesh

Dungeon Overview and Level Annotations

Branches:
Dungeon (5/15)             Temple (1/1) D:4

Altars:
Fedhas
Nemelex Xobeh
Okawaru
Pakellas
Ru
Trog
Vehumet
Xom
Yredelemnul
The Shining One


Message History

an uncursed shortbow; 13 arrows; a centaur skeleton You are feeling hungry.
Eating one of 6 chunks of flesh.
This raw flesh tastes terrible.
You continue eating. x2
You sense a monster nearby.
An ice beast comes into view.
Your +1 dagger of venom stops dripping with poison.
b - 70 stones (in hand) Cast which spell? (? or * to list)
Aiming: Sandblast
Press: ? - help, Shift-Dir - straight line, f - ice beast
Aim: an ice beast The rocky blast misses the ice beast.
The ice beast hits you. The ice beast freezes you!
Cast which spell? (? or * to list)
Aiming: Sandblast
Press: ? - help, Shift-Dir - straight line, f/p - ice beast
Aim: an ice beast The rocky blast misses the ice beast.
The ice beast hits you. The ice beast freezes you!
Cast which spell? (? or * to list)
Aiming: Sandblast
Press: ? - help, Shift-Dir - straight line, f/p - ice beast
Aim: an ice beast The rocky blast hits the ice beast.
The ice beast is lightly wounded.
The ice beast hits you. The ice beast freezes you.
Cast which spell? (? or * to list)
Aiming: Sandblast
Press: ? - help, Shift-Dir - straight line, f/p - ice beast
Aim: an ice beast (lightly wounded)
The rocky blast hits the ice beast.
The ice beast is severely wounded.
The ice beast hits you. The ice beast freezes you!
You die...

#### ..# #.# ####.######
#.....#...#
#....#.#.#.#.# #.#
#.#.#Y#.# { #.#.@.#.# #
..#####.# ###
#.#########.# #.#
..5.........###.#
#.#...#####.#...#########
.......(.................
..##...#####..#.##.######
.....## #..#)##.# .###
###)#...[#


You could see an ice beast.

Action                   |  1- 3 |  4- 6 |  7- 9 || total
-------------------------+-------+-------+-------++-------
Melee: Dagger            |       |       |    44 ||    44
 Cast: Sandblast         |    67 |   103 |    98 ||   268
 Abil: Dig               |       |       |     2 ||     2
  Use: Scroll            |       |       |     2 ||     2
  Eat: Chunk             |     3 |     7 |     8 ||    18
       Pizza             |       |       |     2 ||     2

Notes
Turn   | Place    | Note
--------------------------------------------------------------
     0 | D:1      | Duffy the Formicid Earth Elementalist began the quest for the Orb.
     0 | D:1      | Reached XP level 1. HP: 13/13 MP: 3/3
   178 | D:1      | Reached skill level 4 in Earth Magic
   275 | D:1      | Reached XP level 2. HP: 19/19 MP: 3/5
   803 | D:1      | Reached XP level 3. HP: 22/24 MP: 3/6
  1411 | D:1      | Found an iron altar of Okawaru.
  1736 | D:1      | Learned a level 3 spell: Passwall
  1740 | D:1      | Learned a level 3 spell: Stone Arrow
  1783 | D:2      | Reached skill level 5 in Earth Magic
  1826 | D:2      | Reached XP level 4. HP: 30/30 MP: 6/8
  2564 | D:2      | Reached skill level 3 in Spellcasting
  2941 | D:3      | Noticed Ijyb
  2966 | D:3      | Killed Ijyb
  2966 | D:3      | Reached XP level 5. HP: 31/35 MP: 0/9
  3120 | D:3      | Found an oddly glowing altar of Pakellas.
  3354 | D:3      | Noticed Grinder
  3366 | D:3      | Reached skill level 1 in Conjurations
  3375 | D:3      | Killed Grinder
  3375 | D:3      | Reached skill level 7 in Earth Magic
  3375 | D:3      | Reached XP level 6. HP: 10/41 MP: 0/10
  3645 | D:3      | Noticed Robin
  3917 | D:3      | Killed Robin
  3923 | D:3      | Reached XP level 7. HP: 46/46 MP: 3/11
  4736 | D:3      | Reached skill level 8 in Earth Magic
  4850 | D:4      | Found a staircase to the Ecumenical Temple.
  4857 | Temple   | Entered the Ecumenical Temple
  4865 | Temple   | Became a worshipper of Vehumet
  5046 | D:4      | Reached skill level 2 in Conjurations
  5237 | D:4      | Reached skill level 4 in Spellcasting
  5747 | D:4      | Reached skill level 3 in Conjurations
  5913 | D:4      | Reached XP level 8. HP: 28/52 MP: 8/14
  6300 | D:5      | Entered Level 5 of the Dungeon
  6333 | D:5      | Reached * piety under Vehumet
  6333 | D:5      | Offered knowledge of Freeze by Vehumet.
  6450 | D:5      | Found a glowing golden altar of the Shining One.
  6453 | D:5      | Found a sparkling altar of Nemelex Xobeh.
  6456 | D:5      | Found a bloodstained altar of Trog.
  7203 | D:5      | Reached skill level 5 in Spellcasting
  7314 | D:5      | Slain by an ice beast

Vault maps used:
D:1:      dpeg_arrival_radiant, okawaru_ov_weapons_minmay
D:2:      hangedman_decor_clover_reticule
D:3:      first_bread, nrook_mini_vaults, johnstein_pakellas_death_squad,
          uniq_iyjb, uniq_grinder, uniq_robin
D:4:      minmay_temple_entry_purple_smoke
D:5:      old_standard_altar, grunt_temple_overflow_diamond
Temple:   nicolae_temple_no_exploring_needed

Vanquished Creatures
  Grinder
  A centaur
  A hound
  A jelly
  4 orc wizards
  2 orc priests Ijyb
  An iguana
  A worker ant
  A hound skeleton Robin
  6 gnolls
  6 adders
  A worm
  3 giant geckos
  15 orcs
  6 bats
  6 giant cockroaches
  18 goblins
  10 hobgoblins
  11 jackals
  3 quokkas
  5 ball pythons
  2 giant newts
  12 kobolds
  7 rats
126 creatures vanquished.
